 Dungeon Crawl Stone Soup version 0.26-b1-32-g5d43845318 (webtiles) character file.

Game seed: 2338455922164505274

634 salade2fruit the Sneak (level 7, -2/45 HPs)
             Began as an Octopode Transmuter on Jan 9, 2021.
             Was an Initiate of Cheibriados.
             Slain by a killer bee (6 damage)
             ... on level 5 of the Dungeon.
             The game lasted 00:10:29 (5865 turns).

salade2fruit the Sneak (Octopode Transmuter)        Turns: 5865, Time: 00:10:29

Health: -2/45      AC:  1    Str: 10    XL:     7   Next: 49%
Magic:  10/10      EV: 13    Int: 18    God:    Cheibriados [......]
Gold:   249        SH:  0    Dex: 14    Spells: 9/10 levels left

rFire    . . .     SeeInvis .     - Unarmed
rCold    . . .     Faith    .   (no shield)
rNeg     . . .     Spirit   .   (helmet restricted)
rPois    .         Reflect  .   (no amulet)
rElec    .         Harm     .   (no ring)
rCorr    .         Rampage  .   (no ring)
Will     .....                  (no ring)
Stlth    ++........             (no ring)
HPRegen  0.15/turn              (no ring)
MPRegen  0.12/turn              (no ring)
                                (no ring)
                                (no ring)

@: confused, lethally poisoned (-2 -> -39), very slightly contaminated, very
slow
A: almost no armour, stealthy swim, amphibious, 8 rings, constrict 8, camouflage
1, gelatinous body 1
a: Renounce Religion, Bend Time


You were on level 5 of the Dungeon.
You worshipped Cheibriados.
Cheibriados was noncommittal.
You visited 2 branches of the dungeon, and saw 6 of its levels.

You collected 249 gold pieces.

Inventory:

Scrolls
 a - 7 scrolls of remove curse
 f - 2 scrolls of amnesia {unknown}
 h - 2 scrolls of enchant armour {unknown}
 i - 2 scrolls of teleportation {unknown}
 l - a scroll of fog {unknown}
 n - a scroll of identify
 p - a scroll of blinking {unknown}
 q - a scroll of enchant weapon {unknown}
Potions
 b - a potion of mutation
 c - a potion of heal wounds {unknown}
 d - 2 potions of haste {unknown}
 e - 3 potions of attraction
 g - a potion of flight {unknown}
 j - a potion of might
 k - 2 potions of ambrosia
 m - a potion of brilliance {unknown}
 o - a potion of curing {unknown}


   Skills:
 + Level 2.8 Fighting
 - Level 2.0 Dodging
 - Level 6.0 Stealth
 + Level 5.1 Unarmed Combat
 - Level 2.0 Spellcasting
 + Level 4.5 Transmutations


You had 9 spell levels left.
You knew the following spells:

 Your Spells              Type           Power        Failure   Level
a - Beastly Appendage     Tmut           36%          2%          1

Your spell library contained the following spells:

 Spells                   Type           Power        Failure   Level
 Wereblood                Tmut           18%          4%          2
 Animate Skeleton         Necr           2%           19%         1
 Apportation              Tloc           2%           19%         1
 Corona                   Hex            1%           19%         1
 Summon Small Mammal      Summ           4%           19%         1
 Spider Form              Tmut/Pois      4%           22%         3
 Ice Form                 Ice/Tmut       9%           56%         4
 Blade Hands              Tmut           9%           61%         5


Dungeon Overview and Level Annotations

Branches:
Dungeon (5/15)             Temple (1/1) D:5

Altars:
Ashenzari
Cheibriados
Dithmenos
Elyvilon
Fedhas
Gozag
Hepliaklqana
Kikubaaqudgha
Makhleb
Nemelex Xobeh
Okawaru
Qazlal
Ru
Sif Muna
Trog
Uskayaw
Vehumet
Wu Jian
Xom
Yredelemnul
Zin
The Shining One


Innate Abilities, Weirdness & Mutations

You cannot wear most types of armour.
You are very stealthy in the water. (Stealth+)
You are amphibious.
You can wear up to eight rings at the same time.
You can use your tentacles to constrict eight enemies at once.
Your skin changes colour to match your surroundings (Stealth+).
Your rubbery body absorbs attacks. (AC +1, EV +1)


Message History

The killer bee barely misses you.
You barely miss the killer bee. Your grab misses the killer bee.
Your squeeze misses the killer bee.
You feel sick. The killer bee stings you. The killer bee barely misses you.
The killer bee stings you but does no damage.
The killer bee stings you!
You are lethally poisoned!
The killer bee poisons you! The killer bee closely misses you.
You are confused.
You feel invigorated.
You feel sick. The killer bee barely misses you. The killer bee misses you.
The killer bee stings you.
* * * LOW HITPOINT WARNING * * *
The killer bee stings you.
* * * LOW HITPOINT WARNING * * *
You are more poisoned.
The killer bee poisons you! The killer bee stings you.
* * * LOW HITPOINT WARNING * * *
You are more poisoned.
The killer bee poisons you! The killer bee stings you.
You die...

######.# ###'# #.(..
#.... #.... #######+###
#.... ######+#.........#
##### .......$.........#
#.... ......y@.........#
#.... ......yy.........#
#.... .................#
#.... .................#
#.... .................#
#.... .................#
##...
########.........####...
....................
#......≈≈≈≈≈.........


You could see 3 killer bees.

Vanquished Creatures
  An ogre (D:4)
  A scorpion (D:5)
  An orc priest (D:3)
  5 orc wizards
  2 iguanas (D:4)
  2 worker ants (D:4)
  A hound zombie (D:2)
  9 adders
  3 gnolls (D:2)
  A white imp (D:5)
  An ooze (D:1)
  4 worms
  A dart slug (D:4)
  2 leopard geckos
  18 orcs
  6 bats
  6 giant cockroaches
  5 goblins
  2 hobgoblins
  5 kobolds
  A quokka (D:4)
  A ball python (D:3)
  5 frilled lizards
  A leopard gecko skeleton (D:4)
  7 rats
91 creatures vanquished.

Notes
Turn   | Place    | Note
-------+----------+-------------------------------------------
     0 | D:1      | salade2fruit the Octopode Transmuter began the quest for
                  | the Orb.
     0 | D:1      | Reached XP level 1. HP: 13/13 MP: 3/3
    77 | D:1      | Reached skill level 1 in Stealth
   158 | D:1      | Reached XP level 2. HP: 18/18 MP: 3/5
   310 | D:1      | Reached skill level 2 in Stealth
   865 | D:2      | Reached XP level 3. HP: 20/23 MP: 6/6
   977 | D:2      | Reached skill level 3 in Stealth
  1530 | D:2      | Reached XP level 4. HP: 10/28 MP: 5/7
  1853 | D:2      | Reached skill level 4 in Stealth
  2167 | D:3      | Found a basalt altar of Yredelemnul.
  2235 | D:3      | Reached XP level 5. HP: 32/33 MP: 8/8
  2423 | D:3      | Reached skill level 5 in Stealth
  2756 | D:3      | Found an ancient bone altar of Kikubaaqudgha.
  2756 | D:3      | Found a glowing silver altar of Zin.
  2757 | D:3      | Found a sacrificial altar of Ru.
  2757 | D:3      | Found a hide-covered altar of Uskayaw.
  2757 | D:3      | Found a sparkling altar of Nemelex Xobeh.
  2757 | D:3      | Found an ornate altar of the Wu Jian Council.
  3111 | D:3      | Found a broken altar of Ashenzari.
  3339 | D:4      | Reached XP level 6. HP: 9/38 MP: 7/9
  3958 | D:4      | Reached skill level 6 in Stealth
  4570 | D:4      | Reached XP level 7. HP: 38/45 MP: 8/10
  4879 | D:5      | Entered Level 5 of the Dungeon
  4940 | D:5      | Reached skill level 5 in Unarmed Combat
  5582 | D:5      | Found a staircase to the Ecumenical Temple.
  5592 | Temple   | Entered the Ecumenical Temple
  5621 | Temple   | Became a worshipper of Cheibriados the Contemplative
  5865 | D:5      | Slain by a killer bee

Illustrated notes

Levels and vault maps discovered:
D:1:      minmay_arrival_radiant_lines, layout_loops_ring,
          roderic_serpentine_path
D:2:      layout_loops_ring
D:3:      layout_loops_corners, grunt_temple_overflow_open,
          yredelemnul_altar_generic, lemuel_round_altar
D:4:      layout_rooms
D:5:      layout_basic, temple_pool_b
Temple:   jpeg_temple_clearing

Skill      XL: |  1  2  3  4  5  6  7 |
---------------+----------------------+-----
Stealth        | 1 2 3 4 5 6 |  6.0
Transmutations | 3 4 |  4.5
Unarmed Combat | 4 5 |  5.1
Fighting       | 2 |  2.8
Dodging        | |  2.0
Spellcasting   | |  2.0

Action                   |  1- 3 |  4- 6 |  7- 9 || total
-------------------------+-------+-------+-------++-------
Melee: Unarmed           |    57 |   132 |    51 ||   240
       Tentacles         |     7 |    27 |     8 ||    42
       Constrict         |    14 |    36 |     9 ||    59
       Kick              |     5 |    36 |     6 ||    47
       Punch             |       |     3 |     1 ||     4
 Cast: Beastly Appendage |    11 |    29 |     5 ||    45
  Use: Scroll            |       |     5 |       ||     5
       Potion            |       |       |     2 ||     2
 Stab: Sleeping          |     6 |    13 |     5 ||    24
Armor: Skin              |     6 |     2 |     2 ||    10
Dodge: Dodged            |    38 |    52 |    34 ||   124
